General information
- name: BNet
- type: Ladder team game (AT/RT)
- host: Battle.net
- saver: KILLG-O-O-K-S
map: TwilightRuins
- players: 8
- length: 68:03
- speed: Fast
- version: 1.27 W3XP
- replay type: Public
» download(423 KB)
Players
team 1 (winner)
homelessbob (
yellow | 55 APM | 1050 actions | 19:00)
3 Crypt Lord
2 Carrion Beetles
1 Impale
1 Death Knight
1 Death Coil
1 Dreadlord
1 Vampiric Aura
» actions
| Assign group hotkey | 102 | |
| Basic commands | 46 | |
| Build / train | 94 | |
| Enter build submenu | 21 | |
| Enter hero's abilities submenu | 5 | |
| Right click | 328 | |
| Select / deselect | 193 | |
| Select group hotkey | 230 | |
| Use ability | 31 | |
1050 total
» units
| Acolyte | 15 | |
| Ghoul | 6 | |
| Crypt Fiend | 18 | |
| Necromancer | 3 | |
42 total
» upgrades
| Creature Attack | 3 | |
| Web | 1 | |
| Creature Carapace | 3 | |
| Skeletal Longevity | 1 | |
| Necromancer Training | 2 | |
| Skeletal Mastery | 1 | |
| Ghoul Frenzy | 1 | |
| Unholy Strength | 2 | |
| Unholy Armor | 2 | |
| Freezing Breath | 1 | |
17 total
» buildings
| Crypt | 1 | |
| Ziggurat | 11 | |
| Altar of Darkness | 1 | |
| Nerubian Tower | 2 | |
| Graveyard | 1 | |
| Halls of the Dead | 1 | |
| Spirit Tower | 9 | |
| Black Citadel | 1 | |
| Temple of the Damned | 1 | |
| Tomb of Relics | 1 | |
| Sacrificial Pit | 2 | |
| Boneyard | 1 | |
32 total
» build order
00:11 Crypt
00:13 Ziggurat
00:35 Altar of Darkness
01:04 Nerubian Tower
01:19 Ziggurat
03:13 Graveyard
03:15 Ziggurat
05:06 Halls of the Dead
05:25 Ziggurat
05:29 Ziggurat
05:36 Ziggurat
06:01 Ziggurat
06:28 Nerubian Tower
06:33 Spirit Tower
06:33 Spirit Tower
06:33 Spirit Tower
06:34 Spirit Tower
06:49 Spirit Tower
07:28 Black Citadel
07:36 Spirit Tower
07:43 Temple of the Damned
07:48 Tomb of Relics
11:41 Ziggurat
11:53 Ziggurat
12:57 Spirit Tower
13:05 Sacrificial Pit
13:09 Sacrificial Pit
13:26 Spirit Tower
13:27 Spirit Tower
14:08 Boneyard
16:37 Ziggurat
16:39 Ziggurat
» items
ihaveasecret (
red | 74 APM | 5005 actions | 68:03)
9 Blademaster
3 Wind Walk
3 Critical Strike
1 Bladestorm
2 Mirror Image
7 Shadow Hunter
3 Healing Wave
3 Hex
1 Big Bad Voodoo
» actions
| Assign group hotkey | 101 | |
| Basic commands | 77 | |
| Build / train | 188 | |
| ESC pressed | 5 | |
| Enter build submenu | 65 | |
| Enter hero's abilities submenu | 16 | |
| Give item / drop item | 44 | |
| Right click | 2413 | |
| Select / deselect | 851 | |
| Select group hotkey | 741 | |
| Use ability | 503 | |
5005 total
» units
| Peon | 13 | |
| Grunt | 6 | |
| Troll Headhunter/Berserker | 12 | |
| Goblin Shredder | 9 | |
| Shaman | 3 | |
| Kodo Beast | 1 | |
| Goblin Zeppelin | 12 | |
| Goblin Sapper | 11 | |
| Troll Batrider | 2 | |
| Raider | 2 | |
71 total
» upgrades
| Armor | 3 | |
| Ranged Weapons | 3 | |
| Berserker Strength | 1 | |
| Berserker Upgrade | 1 | |
| Reinforced Defenses | 1 | |
| Pillage | 1 | |
| Troll Regeneration | 1 | |
| Shaman Training | 2 | |
| War Drums Damage Increase | 1 | |
| Melee Weapons | 3 | |
| Liquid Fire | 1 | |
| Envenomed Spears | 1 | |
| Spiked Barricades | 3 | |
| Ensnare | 1 | |
| Witch Doctor Training | 2 | |
| Spirit Walker Training | 2 | |
| Burning Oil | 1 | |
| Backpack | 1 | |
29 total
» buildings
| Orc Burrow | 11 | |
| Altar of Storms | 1 | |
| Barracks | 2 | |
| Voodoo Lounge | 2 | |
| War Mill | 1 | |
| Stronghold | 4 | |
| Great Hall | 4 | |
| Watch Tower | 33 | |
| Fortress | 4 | |
| Beastiary | 4 | |
| Spirit Lodge | 1 | |
67 total
» build order
00:05 Orc Burrow
00:28 Orc Burrow
01:06 Altar of Storms
01:09 Barracks
01:47 Voodoo Lounge
02:14 War Mill
03:47 Orc Burrow
04:16 Stronghold
04:17 Stronghold
04:17 Stronghold
05:08 Great Hall
05:32 Watch Tower
05:43 Watch Tower
07:13 Watch Tower
07:14 Watch Tower
08:02 Orc Burrow
08:16 Fortress
08:16 Fortress
08:16 Fortress
08:26 Watch Tower
09:37 Watch Tower
10:24 Watch Tower
10:27 Watch Tower
12:47 Beastiary
12:51 Spirit Lodge
12:55 Watch Tower
12:56 Watch Tower
12:58 Watch Tower
14:59 Watch Tower
15:02 Watch Tower
15:02 Watch Tower
15:04 Watch Tower
16:59 Beastiary
17:01 Beastiary
17:06 Beastiary
17:10 Barracks
19:57 Watch Tower
20:30 Orc Burrow
20:31 Orc Burrow
20:33 Orc Burrow
24:18 Orc Burrow
24:20 Orc Burrow
24:24 Orc Burrow
27:03 Great Hall
27:06 Watch Tower
27:08 Watch Tower
27:11 Watch Tower
27:12 Watch Tower
27:17 Watch Tower
27:18 Watch Tower
31:43 Watch Tower
31:44 Watch Tower
31:49 Orc Burrow
37:06 Great Hall
37:18 Watch Tower
37:19 Watch Tower
37:23 Watch Tower
37:25 Watch Tower
38:00 Watch Tower
41:10 Voodoo Lounge
55:34 Great Hall
55:37 Watch Tower
55:38 Watch Tower
55:41 Watch Tower
55:43 Watch Tower
» items
| Healing Salve | 6 | |
| Lesser Clarity Potion | 8 | |
| Boots of Speed | 3 | |
| Replenishment Potion | 2 | |
| Ring of Regeneration | 1 | |
| Mana Stone | 1 | |
| Scroll of Town Portal | 2 | |
| Potion of Lesser Invulnerability | 2 | |
| Orb of Lightning | 2 | |
| Gloves of Haste | 1 | |
| Pendant of Energy | 3 | |
| Claws of Attack +9 | 1 | |
| Potion of Greater Mana | 1 | |
| Potion of Mana | 3 | |
| Periapt of Vitality | 2 | |
| Potion of Invisibility | 1 | |
39 total
loping (
purple | 109 APM | 5274 actions | 48:34)
10 Priestess of the Moon
3 Trueshot Aura
3 Searing Arrows
1 Starfall
3 Scout
» actions
| Assign group hotkey | 53 | |
| Basic commands | 83 | |
| Build / train | 122 | |
| ESC pressed | 5 | |
| Enter build submenu | 19 | |
| Enter hero's abilities submenu | 10 | |
| Right click | 3407 | |
| Select / deselect | 655 | |
| Select group hotkey | 843 | |
| Use ability | 77 | |
5274 total
» units
| Wisp | 19 | |
| Archer | 41 | |
| Druid of the Talon | 5 | |
| Hippogryph | 15 | |
| Glaive Thrower | 1 | |
81 total
» upgrades
| Improved Bows | 1 | |
| Strength of the Moon | 3 | |
| Moon Armor | 3 | |
| Druid of the Talon Training | 2 | |
| Hippogryph Taming | 1 | |
| Well Spring | 1 | |
| Marksmanship | 1 | |
| Nature's Blessing | 1 | |
| Vorpal Blades | 1 | |
| Ultravision | 1 | |
15 total
» buildings
| Altar of Elders | 2 | |
| Moon Well | 7 | |
| Ancient of War | 2 | |
| Ancient of Wonders | 3 | |
| Tree of Ages | 1 | |
| Hunter's Hall | 1 | |
| Ancient of Wind | 2 | |
| Ancient Protector | 2 | |
| Tree of Eternity | 1 | |
21 total
» build order
00:06 Altar of Elders
00:19 Moon Well
01:02 Ancient of War
01:28 Moon Well
01:45 Ancient of Wonders
03:02 Moon Well
04:14 Tree of Ages
04:37 Moon Well
05:26 Moon Well
06:03 Hunter's Hall
06:40 Ancient of War
06:43 Ancient of Wind
08:09 Ancient Protector
08:12 Ancient Protector
09:27 Tree of Eternity
10:52 Ancient of Wind
15:36 Moon Well
16:02 Ancient of Wonders
16:26 Moon Well
18:52 Ancient of Wonders
33:24 Altar of Elders
» items
| Potion of Healing | 1 | |
| Periapt of Vitality | 1 | |
| Scroll of Town Portal | 4 | |
| Moonstone | 1 | |
7 total
Dread_oo (
orange | 56 APM | 3809 actions | 68:03)
10 Mountain King
3 Storm Bolt
3 Bash
1 Avatar
3 Thunder Clap
7 Paladin
3 Holy Light
2 Divine Shield
1 Resurrection
1 Devotion Aura
3 Crypt Lord
2 Spiked Carapace
1 Locust Swarm
3 Death Knight
2 Unholy Aura
1 Death Coil
3 Dreadlord
2 Sleep
1 Vampiric Aura
» actions
| Assign group hotkey | 55 | |
| Basic commands | 72 | |
| Build / train | 142 | |
| ESC pressed | 10 | |
| Enter build submenu | 52 | |
| Enter hero's abilities submenu | 28 | |
| Give item / drop item | 3 | |
| Right click | 1887 | |
| Select / deselect | 674 | |
| Select group hotkey | 700 | |
| Use ability | 186 | |
3809 total
» units
| Peasant | 23 | |
| Footman | 6 | |
| Goblin Shredder | 1 | |
| Giant Sea Turtle | 1 | |
| Flying Machine | 22 | |
| Siege Engine | 3 | |
| Frost Wyrm | 8 | |
| Ghoul | 3 | |
| Crypt Fiend | 6 | |
73 total
» upgrades
| Defend | 1 | |
| Masonry | 1 | |
| Lumber Harvesting | 1 | |
| Gunpowder | 2 | |
| Plating | 2 | |
| Flak Cannons | 1 | |
| Flying Machine Bombs | 1 | |
| Barrage | 1 | |
10 total
» buildings
| Altar of Kings | 4 | |
| Barracks | 1 | |
| Farm | 10 | |
| Scout Tower | 14 | |
| Arcane Tower | 2 | |
| Arcane Vault | 1 | |
| Lumber Mill | 1 | |
| Keep | 1 | |
| Town Hall | 4 | |
| Guard Tower | 6 | |
| Castle | 1 | |
| Blacksmith | 1 | |
| Workshop | 5 | |
| Boneyard | 1 | |
| Tree of Life | 1 | |
| Ancient Protector | 2 | |
55 total
» build order
00:16 Altar of Kings
00:22 Barracks
00:41 Farm
01:14 Scout Tower
01:17 Scout Tower
01:21 Farm
01:50 Arcane Tower
02:00 Farm
02:35 Arcane Vault
04:09 Lumber Mill
04:42 Keep
05:01 Scout Tower
05:11 Scout Tower
05:49 Town Hall
07:18 Scout Tower
07:33 Scout Tower
07:48 Scout Tower
07:51 Guard Tower
08:00 Scout Tower
08:17 Town Hall
08:19 Guard Tower
08:21 Guard Tower
08:31 Scout Tower
08:53 Farm
09:26 Farm
09:34 Scout Tower
09:36 Guard Tower
10:05 Scout Tower
10:07 Arcane Tower
10:12 Farm
10:16 Castle
10:43 Scout Tower
10:45 Guard Tower
11:07 Blacksmith
11:22 Scout Tower
11:48 Scout Tower
11:57 Workshop
11:59 Guard Tower
12:01 Workshop
12:49 Workshop
13:18 Workshop
14:03 Workshop
23:44 Boneyard
26:19 Farm
27:32 Farm
27:36 Farm
28:19 Altar of Kings
28:52 Farm
29:35 Altar of Kings
33:50 Town Hall
37:15 Altar of Kings
42:44 Town Hall
49:34 Tree of Life
49:36 Ancient Protector
49:39 Ancient Protector
» items
| Scroll of Regeneration | 1 | |
| Pendant of Energy | 1 | |
| Claws of Attack +6 | 1 | |
| Boots of Speed | 2 | |
| Periapt of Vitality | 5 | |
| Scroll of Town Portal | 1 | |
| Tiny Great Hall | 1 | |
12 total
team 2 (loser)

»
SUPREME_LOTIS (
pink | 60 APM | 4056 actions | 68:03)
10 Mountain King
3 Storm Bolt
3 Bash
1 Avatar
3 Thunder Clap
8 Paladin
3 Holy Light
3 Divine Shield
1 Resurrection
1 Devotion Aura
» actions
| Assign group hotkey | 28 | |
| Build / train | 104 | |
| Enter build submenu | 15 | |
| Enter hero's abilities submenu | 18 | |
| Give item / drop item | 3 | |
| Right click | 2032 | |
| Select / deselect | 373 | |
| Select group hotkey | 1309 | |
| Use ability | 174 | |
4056 total
» units
| Peasant | 18 | |
| Rifleman | 3 | |
| Goblin Shredder | 2 | |
| Gryphon Rider | 11 | |
34 total
» upgrades
| Masonry | 3 | |
| Armor | 3 | |
| Swords | 3 | |
| Animal War Training | 1 | |
| Lumber Harvesting | 2 | |
| Storm Hammers | 1 | |
13 total
» buildings
| Blacksmith | 1 | |
| Altar of Kings | 1 | |
| Farm | 9 | |
| Barracks | 1 | |
| Lumber Mill | 1 | |
| Arcane Vault | 1 | |
| Town Hall | 2 | |
| Keep | 1 | |
| Castle | 2 | |
| Gryphon Aviary | 4 | |
23 total
» build order
00:09 Blacksmith
00:16 Altar of Kings
00:24 Farm
00:24 Farm
01:49 Barracks
01:53 Lumber Mill
02:09 Arcane Vault
02:21 Farm
02:23 Farm
04:35 Town Hall
04:42 Keep
06:12 Farm
06:13 Farm
06:14 Farm
07:10 Castle
07:10 Castle
08:23 Gryphon Aviary
08:26 Gryphon Aviary
08:32 Gryphon Aviary
08:39 Gryphon Aviary
10:04 Farm
10:04 Farm
26:40 Town Hall
» items
| Scroll of Regeneration | 6 | |
| Lesser Clarity Potion | 5 | |
| Orb of Fire | 2 | |
| Scroll of Town Portal | 3 | |
| Potion of Healing | 1 | |
| Potion of Lesser Invulnerability | 1 | |
18 total
KILLG-O-O-K-S (
green | 61 APM | 4176 actions | 68:03)
10 Archmage
3 Summon Water Elemental
3 Brilliance Aura
1 Mass Teleport
3 Blizzard
3 Mountain King
2 Storm Bolt
1 Bash
» actions
| Assign group hotkey | 59 | |
| Basic commands | 244 | |
| Build / train | 161 | |
| Enter build submenu | 110 | |
| Enter hero's abilities submenu | 14 | |
| Give item / drop item | 11 | |
| Remove unit from queue | 5 | |
| Right click | 1642 | |
| Select / deselect | 870 | |
| Select group hotkey | 716 | |
| Use ability | 344 | |
4176 total
» units
| Peasant | 17 | |
| Footman | 4 | |
| Goblin Shredder | 2 | |
| Gryphon Rider | 9 | |
| Goblin Sapper | 2 | |
| Siege Engine | 2 | |
| Mortar Team | 7 | |
| Dragonhawk Rider | 4 | |
47 total
» upgrades
| Masonry | 3 | |
| Storm Hammers | 1 | |
| Animal War Training | 1 | |
| Swords | 3 | |
| Armor | 4 | |
| Cloud | 1 | |
| Gunpowder | 3 | |
| Plating | 3 | |
| Barrage | 2 | |
| Fragmentation Shards | 1 | |
| Flare | 1 | |
| Flak Cannons | 1 | |
24 total
» buildings
| Altar of Kings | 1 | |
| Barracks | 1 | |
| Farm | 11 | |
| Scout Tower | 113 | |
| Arcane Tower | 1 | |
| Keep | 1 | |
| Lumber Mill | 2 | |
| Town Hall | 6 | |
| Guard Tower | 41 | |
| Arcane Vault | 5 | |
| Castle | 1 | |
| Gryphon Aviary | 6 | |
| Blacksmith | 3 | |
| Workshop | 3 | |
| Arcane Sanctum | 3 | |
198 total
» build order
00:37 Altar of Kings
00:38 Barracks
00:49 Farm
00:51 Farm
00:56 Farm
01:04 Farm
01:36 Farm
01:59 Scout Tower
02:34 Arcane Tower
03:26 Keep
03:40 Lumber Mill
04:24 Town Hall
04:27 Scout Tower
04:31 Scout Tower
04:32 Scout Tower
04:36 Scout Tower
05:21 Guard Tower
05:34 Arcane Vault
06:15 Castle
06:19 Guard Tower
06:53 Scout Tower
06:54 Scout Tower
06:54 Scout Tower
06:55 Scout Tower
07:29 Scout Tower
07:29 Scout Tower
07:30 Scout Tower
08:07 Guard Tower
08:18 Gryphon Aviary
08:18 Gryphon Aviary
08:19 Gryphon Aviary
08:20 Gryphon Aviary
08:52 Blacksmith
08:53 Blacksmith
08:59 Farm
09:00 Farm
09:12 Blacksmith
10:01 Guard Tower
11:08 Farm
11:17 Scout Tower
11:18 Scout Tower
11:18 Scout Tower
11:24 Scout Tower
11:25 Scout Tower
11:25 Scout Tower
11:26 Scout Tower
11:26 Scout Tower
13:00 Guard Tower
13:11 Lumber Mill
13:27 Farm
13:28 Farm
13:31 Farm
15:38 Guard Tower
17:19 Workshop
17:20 Workshop
17:23 Workshop
19:31 Scout Tower
19:31 Scout Tower
19:32 Scout Tower
19:34 Scout Tower
19:35 Scout Tower
19:40 Scout Tower
19:40 Scout Tower
19:40 Scout Tower
19:46 Scout Tower
19:46 Scout Tower
19:49 Scout Tower
19:53 Scout Tower
19:53 Scout Tower
19:54 Scout Tower
19:55 Scout Tower
19:56 Scout Tower
19:56 Scout Tower
19:56 Scout Tower
20:04 Guard Tower
20:11 Scout Tower
20:11 Scout Tower
20:12 Scout Tower
20:12 Scout Tower
20:12 Scout Tower
20:12 Scout Tower
20:14 Scout Tower
20:15 Scout Tower
20:15 Scout Tower
20:16 Scout Tower
20:26 Scout Tower
20:26 Scout Tower
20:27 Scout Tower
20:28 Scout Tower
20:29 Scout Tower
20:29 Scout Tower
20:37 Guard Tower
21:36 Guard Tower
21:38 Guard Tower
21:42 Guard Tower
23:08 Guard Tower
23:15 Arcane Vault
23:23 Arcane Vault
23:59 Arcane Sanctum
24:01 Arcane Sanctum
24:04 Arcane Sanctum
24:10 Guard Tower
26:36 Scout Tower
26:36 Scout Tower
26:37 Scout Tower
26:37 Scout Tower
26:38 Scout Tower
26:39 Scout Tower
26:39 Scout Tower
26:39 Scout Tower
27:06 Guard Tower
27:12 Scout Tower
27:17 Town Hall
27:19 Scout Tower
27:19 Scout Tower
27:20 Scout Tower
27:22 Scout Tower
27:22 Scout Tower
27:22 Scout Tower
27:23 Scout Tower
27:25 Scout Tower
27:29 Scout Tower
27:30 Scout Tower
27:30 Scout Tower
27:57 Guard Tower
29:27 Guard Tower
30:03 Guard Tower
30:31 Guard Tower
35:29 Town Hall
35:31 Scout Tower
35:31 Scout Tower
35:31 Scout Tower
35:32 Scout Tower
35:33 Scout Tower
35:33 Scout Tower
35:33 Scout Tower
35:34 Scout Tower
35:34 Scout Tower
35:34 Scout Tower
35:36 Scout Tower
35:37 Arcane Vault
36:06 Guard Tower
36:28 Guard Tower
36:29 Guard Tower
36:29 Guard Tower
36:29 Guard Tower
36:31 Guard Tower
36:31 Guard Tower
36:31 Guard Tower
36:31 Guard Tower
37:19 Town Hall
37:22 Scout Tower
37:22 Scout Tower
37:23 Scout Tower
37:23 Scout Tower
37:25 Scout Tower
37:26 Scout Tower
37:27 Scout Tower
37:28 Scout Tower
37:28 Scout Tower
37:29 Scout Tower
37:30 Scout Tower
37:32 Scout Tower
37:34 Arcane Vault
37:37 Scout Tower
37:38 Scout Tower
38:35 Guard Tower
38:53 Gryphon Aviary
38:54 Gryphon Aviary
47:11 Scout Tower
48:53 Guard Tower
50:05 Town Hall
50:08 Scout Tower
50:10 Scout Tower
50:11 Scout Tower
50:11 Scout Tower
51:05 Guard Tower
51:12 Guard Tower
52:09 Town Hall
52:14 Scout Tower
52:16 Scout Tower
52:16 Scout Tower
52:19 Scout Tower
52:22 Scout Tower
52:42 Guard Tower
52:48 Guard Tower
52:48 Guard Tower
52:48 Guard Tower
52:49 Guard Tower
52:58 Guard Tower
53:11 Guard Tower
54:08 Guard Tower
» items
| Boots of Speed | 2 | |
| Staff of Teleportation | 1 | |
| Scroll of Town Portal | 2 | |
| Staff of Sanctuary | 1 | |
| Scroll of Regeneration | 4 | |
| Mechanical Critter | 7 | |
| Potion of Healing | 2 | |
| Periapt of Vitality | 2 | |
| Potion of Lesser Invulnerability | 2 | |
| Ring of Protection +3 | 1 | |
| Pendant of Energy | 1 | |
25 total
Kitty (
blue | 66 APM | 1955 actions | 29:30)
6 Keeper of the Grove
3 Entangling Roots
2 Thorns Aura
1 Tranquility
» actions
| Assign group hotkey | 23 | |
| Basic commands | 1 | |
| Build / train | 91 | |
| Enter build submenu | 32 | |
| Enter hero's abilities submenu | 6 | |
| Remove unit from queue | 8 | |
| Right click | 983 | |
| Select / deselect | 426 | |
| Select group hotkey | 322 | |
| Use ability | 63 | |
1955 total
» units
» upgrades
| Abolish Magic | 1 | |
| Strength of the Wild | 3 | |
| Reinforced Hides | 3 | |
| Ultravision | 1 | |
8 total
» buildings
| Altar of Elders | 1 | |
| Moon Well | 8 | |
| Ancient of War | 1 | |
| Tree of Ages | 1 | |
| Ancient of Wonders | 1 | |
| Hunter's Hall | 1 | |
| Ancient of Lore | 3 | |
| Ancient Protector | 11 | |
| Tree of Eternity | 1 | |
| Tree of Life | 1 | |
29 total
» build order
00:16 Altar of Elders
00:27 Moon Well
00:33 Moon Well
01:01 Ancient of War
01:29 Moon Well
02:52 Moon Well
03:28 Tree of Ages
03:50 Ancient of Wonders
04:16 Hunter's Hall
05:58 Moon Well
06:14 Ancient of Lore
06:48 Moon Well
06:53 Ancient Protector
07:03 Ancient Protector
07:15 Ancient of Lore
07:21 Ancient of Lore
07:56 Ancient Protector
08:00 Ancient Protector
08:03 Ancient Protector
08:06 Ancient Protector
08:23 Ancient Protector
08:29 Ancient Protector
09:09 Moon Well
10:12 Ancient Protector
11:12 Tree of Eternity
11:23 Ancient Protector
13:04 Moon Well
16:35 Ancient Protector
27:22 Tree of Life
» items
| Scroll of Town Portal | 2 | |
| Orb of Venom | 1 | |
| Potion of Mana | 1 | |
4 total
TRUSHRUSHrBUST (
teal | 21 APM | 1441 actions | 68:03)
10 Mountain King
3 Storm Bolt
3 Bash
1 Avatar
3 Thunder Clap
» actions
| Basic commands | 2 | |
| Build / train | 94 | |
| Enter build submenu | 33 | |
| Enter hero's abilities submenu | 10 | |
| Give item / drop item | 4 | |
| Remove unit from queue | 1 | |
| Right click | 771 | |
| Select / deselect | 425 | |
| Use ability | 98 | |
1441 total
» units
» upgrades
| Lumber Harvesting | 2 | |
| Gunpowder | 0 | |
| Masonry | 1 | |
| Swords | 3 | |
| Storm Hammers | 1 | |
| Armor | 3 | |
| Animal War Training | 1 | |
11 total
» buildings
| Farm | 14 | |
| Altar of Kings | 1 | |
| Arcane Vault | 1 | |
| Keep | 2 | |
| Lumber Mill | 3 | |
| Blacksmith | 1 | |
| Town Hall | 1 | |
| Scout Tower | 5 | |
| Guard Tower | 3 | |
| Castle | 1 | |
| Gryphon Aviary | 4 | |
| Barracks | 1 | |
37 total
» build order
00:44 Farm
01:13 Farm
01:17 Altar of Kings
02:33 Arcane Vault
03:39 Keep
03:40 Keep
04:24 Lumber Mill
04:29 Blacksmith
05:10 Town Hall
05:27 Scout Tower
05:31 Scout Tower
05:35 Scout Tower
05:58 Scout Tower
06:02 Scout Tower
06:13 Guard Tower
06:53 Guard Tower
07:24 Guard Tower
07:50 Castle
08:54 Gryphon Aviary
08:58 Gryphon Aviary
09:06 Gryphon Aviary
10:19 Farm
10:25 Gryphon Aviary
10:31 Farm
11:05 Farm
11:24 Farm
11:39 Barracks
11:45 Farm
12:05 Farm
12:45 Farm
13:28 Farm
14:26 Farm
14:52 Lumber Mill
15:35 Farm
16:27 Farm
22:42 Lumber Mill
27:06 Farm
» items
| Lesser Clarity Potion | 2 | |
| Potion of Healing | 4 | |
| Mana Stone | 1 | |
| Ring of Protection +3 | 1 | |
| Boots of Speed | 1 | |
| Orb of Fire | 1 | |
| Scroll of Regeneration | 3 | |
| Scroll of Town Portal | 2 | |
| Circlet of Nobility | 1 | |
| Potion of Invisibility | 1 | |
17 total
Chat log
(05:19 / Allies) SUPREME_LOTIS: fuck
(05:19 / Allies) SUPREME_LOTIS: omw
(05:32 / Allies) SUPREME_LOTIS: pick em off
(07:43 / Allies) SUPREME_LOTIS: omw
(10:25 / Allies) KILLG-O-O-K-S: thx for exp leeching pal
(15:17 / Allies) SUPREME_LOTIS: out
(17:32 / Allies) SUPREME_LOTIS: teal
(18:24 / Allies) KILLG-O-O-K-S: help fuckers
(18:32 / Allies) KILLG-O-O-K-S: while I have towers
(18:34 / Allies) Kitty: main then tp
(19:59 / Allies) Kitty: main
(20:30 / All) SUPREME_LOTIS: red i literally couldnt care less
(20:42 / All) ihaveasecret: hm?
(21:45 / Allies) KILLG-O-O-K-S: lumber?
(21:56 / All) ihaveasecret: lol
(21:58 / All) ihaveasecret: you are very good teal
(21:59 / Allies) SUPREME_LOTIS: teal dude
(23:05 / Allies) TRUSHRUSHrBUST: i guess thats game
(23:20 / All) Kitty: "i guess thats game" - teal
(23:20 / All) ihaveasecret: LMAO DIDN'T EVEN ATTACK THE SAPPER
(23:43 / Allies) Kitty: im ready whenever with tp
(23:49 / Allies) SUPREME_LOTIS: no units?
(23:50 / Allies) SUPREME_LOTIS: no one?
(24:06 / Allies) Kitty: to me
(25:30 / All) ihaveasecret: that was so close lawl
(25:31 / All) Kitty: WHAT
(25:41 / All) ihaveasecret: not sure why it didn't attack you there at the last second
(25:49 / All) ihaveasecret: since you were on top of my bm
(26:46 / Allies) Kitty: anyoen have 400g for expo?
(27:17 / Allies) Kitty: onvm
(27:45 / Allies) SUPREME_LOTIS: orange is still pumping units here
(28:02 / Allies) Kitty: coming
(28:08 / Allies) Kitty: hero first
(28:09 / Allies) SUPREME_LOTIS: kill the gd pally
(28:13 / Allies) SUPREME_LOTIS: gjgj
(28:17 / Allies) Kitty: purp hero
(28:29 / Allies) SUPREME_LOTIS: dude
(28:33 / Allies) SUPREME_LOTIS: just run
(28:55 / All) SUPREME_LOTIS: gj red
(28:59 / All) ihaveasecret: ty
(29:08 / All) SUPREME_LOTIS: is your secret that you hack?
(29:21 / All) ihaveasecret: lol
(29:26 / All) SUPREME_LOTIS: ?
(29:28 / All) ihaveasecret: I'm being raped by bm he must hack
(29:35 / All) ihaveasecret: I revealed it with goblin lab
(29:39 / All) SUPREME_LOTIS: nah just good timing
(29:57 / All) TRUSHRUSHrBUST: red haxs
(30:06 / All) TRUSHRUSHrBUST: for sure
(30:12 / All) ihaveasecret: lol
(30:33 / All) TRUSHRUSHrBUST: you have no cool down on ww
(30:56 / Allies) KILLG-O-O-K-S: dhawk comin
(31:11 / All) ihaveasecret: I don't?
(31:11 / Allies) SUPREME_LOTIS: too late
(31:16 / All) ihaveasecret: do you think I have anti-cooldown hack
(31:20 / All) KILLG-O-O-K-S: nigger purple
(32:45 / Allies) KILLG-O-O-K-S: botl
(33:01 / All) ihaveasecret: I have 735 mana lol
(33:26 / Allies) KILLG-O-O-K-S: bolt mk
(33:28 / Allies) KILLG-O-O-K-S: too late
(34:01 / All) ihaveasecret: I have a level 6 SH I haven't even used this game except to defend my base LMAO
(34:41 / Allies) SUPREME_LOTIS: green gold me to expo?
(34:43 / Allies) TRUSHRUSHrBUST: red is hacking
(34:52 / Allies) TRUSHRUSHrBUST: thats y he use orc
(34:55 / Allies) TRUSHRUSHrBUST: to hide
(35:47 / All) SUPREME_LOTIS: thats a hack
(35:50 / All) ihaveasecret: hm?
(36:24 / Allies) TRUSHRUSHrBUST: gold
(36:28 / Allies) TRUSHRUSHrBUST: a bit
(36:58 / All) SUPREME_LOTIS: tee hee
(37:53 / All) KILLG-O-O-K-S: wftf
(38:02 / All) KILLG-O-O-K-S: I tped out
(38:05 / All) KILLG-O-O-K-S: but fucking bolt cancels it
(38:08 / All) Dread_oo: no u didnt]
(38:09 / All) KILLG-O-O-K-S: I used tp scroll
(38:11 / All) Dread_oo: =D
(38:21 / All) TRUSHRUSHrBUST: telling you
(38:23 / Allies) TRUSHRUSHrBUST: haxs
(38:37 / Allies) SUPREME_LOTIS: i can rebuild if someone gives me g
(38:44 / Allies) TRUSHRUSHrBUST: i need 500
(38:51 / Allies) TRUSHRUSHrBUST: for tp
(40:18 / All) KILLG-O-O-K-S: I tped like 5 times lawl
(40:25 / All) KILLG-O-O-K-S: when I got bolted I tped then it didn't go thru
(40:32 / All) KILLG-O-O-K-S: I didn't notice because I was canceling buildings
(41:19 / Allies) SUPREME_LOTIS: whelp im out of the game now
(44:38 / All) ihaveasecret: lol
(45:24 / Allies) KILLG-O-O-K-S: fight
(45:53 / Allies) KILLG-O-O-K-S: heal me
(46:02 / Allies) KILLG-O-O-K-S: heal me
(46:09 / Allies) KILLG-O-O-K-S: fight
(46:25 / Allies) KILLG-O-O-K-S: out
(47:38 / Allies) SUPREME_LOTIS: green can i have gold for my pally please?
(47:47 / Allies) SUPREME_LOTIS: ty
(47:53 / Allies) TRUSHRUSHrBUST: i need tp
(48:03 / Allies) TRUSHRUSHrBUST: gold please
(48:08 / Allies) SUPREME_LOTIS: GOD DAMN HACKER
(48:13 / Allies) TRUSHRUSHrBUST: red is
(48:15 / Allies) SUPREME_LOTIS: WAS FUCKING SITTING THERE WAITING FOR ME
(48:18 / Allies) TRUSHRUSHrBUST: im telling u
(49:13 / Allies) TRUSHRUSHrBUST: gold for tp plewase
(49:36 / Allies) SUPREME_LOTIS: look at that fucking hacker
(49:42 / Allies) SUPREME_LOTIS: ran straight to the peons
(50:03 / Allies) TRUSHRUSHrBUST: green afk
(50:06 / Allies) TRUSHRUSHrBUST: ????
(53:37 / Allies) SUPREME_LOTIS: need to take out purple
(53:39 / Allies) SUPREME_LOTIS: he has no tp
(53:43 / Allies) SUPREME_LOTIS: and is just sitting there
(54:38 / All) ihaveasecret: raped lol
(54:42 / Allies) TRUSHRUSHrBUST: fuking nigger green
(54:51 / Allies) TRUSHRUSHrBUST: wouldnt give me gold for a tp
(54:59 / Allies) TRUSHRUSHrBUST: piece of shit
(55:10 / Allies) TRUSHRUSHrBUST: let red hack me
(55:40 / All) KILLG-O-O-K-S: RUN AND HIDE YOUR HEAD IN THE SAND
(55:48 / All) KILLG-O-O-K-S: catch yo uwith anotha man
(55:52 / All) KILLG-O-O-K-S: that's the end
(55:54 / All) KILLG-O-O-K-S: little girl
(56:17 / Allies) TRUSHRUSHrBUST: 600 gold please
(56:19 / Allies) TRUSHRUSHrBUST: fuk
(56:51 / Allies) TRUSHRUSHrBUST: pink
(56:54 / Allies) TRUSHRUSHrBUST: you there
(56:58 / Allies) SUPREME_LOTIS: ye
(57:07 / Allies) TRUSHRUSHrBUST: green shoboatin
(57:24 / Allies) SUPREME_LOTIS: nah
(57:29 / Allies) SUPREME_LOTIS: green and red are together
(58:22 / All) KILLG-O-O-K-S: Got real messy when my TP didn't go thru
(58:23 / Allies) TRUSHRUSHrBUST: but reds a gook?
(58:28 / Allies) SUPREME_LOTIS: its a bastardized version of idle-hero
(58:35 / All) KILLG-O-O-K-S: red are you a gook?
(58:40 / All) KILLG-O-O-K-S: is that your secret?
(58:47 / Allies) TRUSHRUSHrBUST: yes it is
(58:49 / All) Dread_oo: red is a fat piece of shit
(58:58 / Allies) TRUSHRUSHrBUST: he whispered me he likes dog meat
(59:04 / All) Dread_oo: he killed yellow, and now purp
(59:12 / All) KILLG-O-O-K-S: you kidnap American dogs and sell them as beef?
(59:14 / All) ihaveasecret: I may be chubby but so what, plenty of people are chubby, it's 1/3 the population now
(59:15 / All) KILLG-O-O-K-S: is that true?
(59:19 / All) Dread_oo: he's probabbly a remain of some project of abortion
(59:22 / All) ihaveasecret: I'm probably under the average weight
(59:25 / All) TRUSHRUSHrBUST: he must be a gook if he eats dog
(59:42 / All) Dread_oo: he eats horse shit
(59:46 / All) Dread_oo: its true
(59:49 / All) Dread_oo: ask his mom
(59:54 / All) TRUSHRUSHrBUST: well gooks eat shit to
(59:55 / All) Dread_oo: she's right here
(60:04 / All) ihaveasecret: your mom is right here sucking my dick
(60:06 / All) Dread_oo: and she sent you regards red
(60:09 / All) ihaveasecret: ohh it feels good orange
(60:12 / All) Dread_oo: ohhh wow
(60:28 / All) TRUSHRUSHrBUST: all our moms are whores
(60:30 / All) Dread_oo: now im offended LOL
(60:30 / All) ihaveasecret: my mom was born with a penis I hope you don't mind
(60:32 / All) ihaveasecret: also she's dead
(60:34 / Allies) TRUSHRUSHrBUST: :(
(60:46 / All) ihaveasecret: but enjoy if you like that kind of thing
(60:54 / All) ihaveasecret: your mom is fresh though
(60:57 / All) Dread_oo: that's all you know right red? just copy my lines, because you arent smart enough to make yours
(61:07 / All) Dread_oo: tell me bro
(61:10 / All) ihaveasecret: I'm fucking your mom right now, ask her about lines
(61:17 / All) ihaveasecret: I put a white line on her face
(61:22 / All) Dread_oo: how you didnt killed yourself until today ??
(61:30 / All) Dread_oo: how do you even live with yourself
(61:39 / All) Dread_oo: i will just let you lose the game right now
(61:43 / All) Dread_oo: im tabbing out
(61:45 / All) Dread_oo: cya
(61:50 / All) Dread_oo: glfh losing this game
(61:54 / All) ihaveasecret: I have other people keeping me in this world like your mom who would kill herself if she didn't have my dick
(61:56 / All) ihaveasecret: you should thank me
(64:45 / All) KILLG-O-O-K-S: lay it on them
(65:06 / All) ihaveasecret: We're going to kill everything including our own units
(65:12 / All) ihaveasecret: me and green and you will each have equal chances at winning
(65:21 / All) ihaveasecret: you can leave your pcs on all night, last one to leave will leave victorious sound fair?
(65:22 / All) Dread_oo: hey green, just came back, red is soo stupid that he doesnt even know how to atack the enemy
(65:30 / All) Dread_oo: lol
(65:32 / All) ihaveasecret: from where you're kneeling it must look like an 18-karat run of luck
(65:34 / All) ihaveasecret: but the truth is
(65:39 / All) ihaveasecret: THE GAME WAS RIGGED FROM THE START!
(65:41 / All) Dread_oo: he has 21K and shoved everything on his asshole
(65:55 / All) ihaveasecret: read the chat unless you're too stupid to understand
(65:55 / All) Dread_oo: out again cya in 10 mins
(66:25 / All) ihaveasecret: I don't have items
(66:26 / All) Dread_oo: LOL
(66:26 / All) ihaveasecret: duel isn't fair lawl
(66:27 / All) Dread_oo: LOL
(66:28 / All) Dread_oo: LOL
(66:34 / All) Dread_oo: HE lost to a lvl 3
(66:38 / All) Dread_oo: man get tested bro
(66:50 / All) Dread_oo: maybe you got HIV
(66:58 / All) Dread_oo: that's y you aresoo suicidal
(67:04 / All) Dread_oo: KEK}
(67:05 / All) KILLG-O-O-K-S: lawl it was fair because mk was level 3
(67:08 / All) Dread_oo: lol
(67:12 / All) KILLG-O-O-K-S: and am is weak
(67:17 / All) Dread_oo: red is useless
(67:25 / All) ihaveasecret: I told the rules to you fool
(67:32 / All) ihaveasecret: press f12 and read them again
(67:41 / All) ihaveasecret: you have an equal chance at winning and losing now
(67:43 / All) ihaveasecret: good luck
(67:54 / All) TRUSHRUSHrBUST: red ur the nigger
(67:56 / All) KILLG-O-O-K-S: Catch you later, pals